 Dungeon Crawl Stone Soup version 0.31.0-11-ge490571c62 (webtiles) character file.

Game seed: 2743074481504485050

185 Bobbunny the Changeling (level 5, -8/41 HPs)
             Began as a Merfolk Shapeshifter on Jan 27, 2024.
             Mangled by a gnoll
             ... wielding a +0 halberd
              (9 damage)
             ... on level 4 of the Dungeon.
             The game lasted 00:02:35 (2939 turns).

Bobbunny the Changeling (Merfolk Shapeshifter)      Turns: 2939, Time: 00:02:35

Health: -8/41      AC: 10    Str: 16 (17) XL:     5   Next: 64%
Magic:  5/5        EV:  5    Int:  8 (9)  God:
Gold:   231        SH:  0    Dex: 12 (13) Spells: 4/4 levels left

rFire   . .          .
                       - Unarmed
rCold   . . .        (no shield)
rNeg    . . .        v - +0 plate armour
rPois   .            (helmet currently unavailable)
rElec   .            (cloak currently unavailable)
rCorr   .            (gloves currently unavailable)
SInv    .            (boots currently unavailable)
Will    .....        (no amulet) Stlth
                     (no ring)
HPRegen 0.26/turn    (no ring)
MPRegen 0.09/turn

%: no passive effects
@: beast-form
A: beast (slay +3), (nimble swimmer 2), mertail
a: Begin Untransformation


You were on level 4 of the Dungeon.
You were a hulking beast.
You visited 1 branch of the dungeon, and saw 4 of its levels.

You collected 231 gold pieces.

Inventory:

Missiles
 f - 18 poisoned darts
 z - 4 boomerangs (quivered)
Armour
 q - the +1 robe "Uficvil" {rElec Int-3 Dex+2}
   (You found it on level 3 of the Dungeon)

   Int-3:     It affects your intelligence (-3).
   Dex+2:     It affects your dexterity (+2).
   rElec:     It insulates you from electricity.
 r - a scarf of repulsion
 v - a +0 plate armour (worn)
 y - a +0 helmet
Talismans
 c - a beast talisman
 d - a flux talisman
Wands
 x - a wand of iceblast (6)
Scrolls
 e - 5 scrolls of identify {unknown}
 h - 2 scrolls of vulnerability {unknown}
 l - a scroll of enchant armour {unknown}
 m - a scroll of immolation {unknown}
 n - a scroll of teleportation {unknown}
 o - a scroll of brand weapon {unknown}
 p - a scroll of fog {unknown}
Potions
 a - 2 potions of ambrosia {unknown}
 b - 4 potions of lignification
 g - 2 potions of invisibility
 i - a potion of degeneration
 j - a potion of heal wounds
 k - a potion of curing {unknown}
 s - a potion of cancellation {unknown}
 t - 3 potions of attraction {unknown}
 w - 2 potions of haste {unknown}


   Skills:
 + Level 3.5 Fighting
 - Level 2.6 Dodging
 + Level 4.6 Unarmed Combat
 + Level 5.4 Shapeshifting


You had 4 spell levels left.
You didn't know any spells.
Your spell library contained the following spells:

 Spells                   Type           Power      Damage    Failure   Level
 Shock                    Conj/Air       0%         1d3       100%        1
 Swiftness                Air            0%         N/A       100%        3
 Airstrike                Air            0%         2d(0-16)  100%        4


Dungeon Overview and Level Annotations

Branches:
Dungeon (4/15)
 Temple: D:4-7

Altars:
Qazlal
Yredelemnul

Shops:
D:4 :

Annotations:
D:3 1 runed translucent door, zewo's ghost, amateur MiFi


Innate Abilities, Weirdness & Mutations

You are a hulking beast.
Your limbs bulge with bestial killing power. (Slay +3)
((You are very nimble when in or above water. (Stealth+, EV+, Speed+++)))
Your lower body shifts to a powerful aquatic tail in water.


Message History

A gnoll comes into view. It is wielding a +0 halberd.
There are monsters nearby!
There are monsters nearby!
Found a stone staircase leading down.
The gnoll shouts!
There is an open door here.
Throw: 20 darts (poison)
Press: ? - help, Shift-Dir - straight line, f - gnoll
Aim: a gnoll, wielding a +0 flail (63% to hit)
You throw a poisoned dart. The poisoned dart hits the gnoll.
The gnoll is poisoned.
Throw: 19 darts (poison)
Press: ? - help, Shift-Dir - straight line, f/p - gnoll
Aim: a gnoll, wielding a +0 flail (poisoned, 63% to hit)
You throw a poisoned dart.
The poisoned dart closely misses the gnoll.
The gnoll attacks as it pursues you! The gnoll hits you with a +0 flail!
The gnoll attacks as it pursues you! The gnoll hits you but does no damage.
You closely miss the gnoll.
The gnoll is lightly wounded.
The gnoll looks more healthy.
The gnoll completely misses you. The gnoll hits you with a +0 flail!
You barely miss the gnoll. The gnoll hits you with a +0 halberd!
The gnoll hits you with a +0 flail!
You hit the gnoll but do no damage.
A gnoll comes into view. It is wielding a +0 club.
The gnoll hits you with a +0 halberd!
* * * LOW HITPOINT WARNING * * *
The gnoll hits you with a +0 flail.
* * * LOW HITPOINT WARNING * * *
You hit the gnoll.
The gnoll is lightly wounded.
The gnoll hits you with a +0 halberd.
* * * LOW HITPOINT WARNING * * *
The gnoll hits you with a +0 flail.
* * * LOW HITPOINT WARNING * * *
You hit the gnoll.
The gnoll is heavily wounded.
The gnoll hits you with a +0 halberd!
You die...

### #......##......# ...... #
#......##......# ######### #
#.......#.(....# #........ ###
#>....8.8.g....# #.####### ..#
#####..∩.......####'##### ..#
##8.8...............### ..#
##....####......[..... ..#######
#...g# #..........#. ........#
#...h# #............ #######.#
#..g.# #.........###
#######'########.# #.........#
............####+########.###.###
............#........# #.# #....
............#........# #.# ##...
............#........# #.# ##..
............#........####.# #..
..#####'########..........# #..


You could see 3 gnolls.

Vanquished Creatures
  A kobold brigand (D:4)
  2 adders
  4 ribbon worms
  3 dart slugs
  11 ball pythons
  A bat (D:1)
  3 endoplasms
  5 giant cockroaches
  3 goblins
  9 hobgoblins
  2 jackals (D:4)
  3 quokkas
  3 frilled lizards (D:1)
  25 kobolds
  6 rats
81 creatures vanquished.

Notes
Turn   | Place    | Note
-------+----------+-------------------------------------------
     0 | D:1      | Bobbunny the Merfolk Shapeshifter began the quest for the
                  | Orb.
     0 | D:1      | Reached XP level 1. HP: 15/15 MP: 1/1
    66 | D:1      | Reached XP level 2. HP: 14/21 MP: 2/2
   388 | D:1      | Reached XP level 3. HP: 27/27 MP: 3/3
   801 | D:2      | Found a stormy altar of Qazlal.
  1258 | D:2      | Reached XP level 4. HP: 33/34 MP: 4/4
  1385 | D:3      | Found a basalt altar of Yredelemnul.
  1482 | D:3      | Found a runed translucent door.
  1505 | D:3      | Noticed zewo's ghost (amateur MiFi)
  1610 | D:3      | Identified the +1 robe "Uficvil" {rElec Int-3 Dex+2}
  2157 | D:3      | Identified the staff of Honour {Fly Conj}
  2476 | D:4      | Noticed a kobold brigand
  2477 | D:4      | Reached skill level 5 in Shapeshifting
  2505 | D:4      | Killed a kobold brigand
  2506 | D:4      | Reached XP level 5. HP: 29/41 MP: 5/5
  2883 | D:4      | Found Mezid's Book Shop.
  2938 | D:4      | HP: 1/41 [gnoll/+0 flail (2)]
  2939 | D:4      | Mangled by a gnoll

Illustrated notes

Levels and vault maps discovered:
D:1:      dpeg_arrival_tiny_k, layout_loops_ring
D:2:      layout_basic, basic_altar, nicolae_wormholes
D:3:      layout_basic, lemuel_round_altar, gammafunk_ghost_grave
D:4:      kennysheep_kobold_camp, layout_basic, dancing_weapons_uskayaw,
          serial_shops, nicolae_shop_tiny_statue_garden

Skill      XL: |  1  2  3  4 |
---------------+-------------+-----
Fighting       | 2 3 |  3.5
Unarmed Combat | 4 |  4.6
Shapeshifting  | 5 |  5.4
Dodging        | |  2.6

Action                     |  1- 3 |  4- 6 || total
---------------------------+-------+-------++-------
  Melee: Unarmed           |    88 |   125 ||   213
         Punch             |     2 |     2 ||     4
  Throw: Dart              |       |     2 ||     2
    Use: Potion            |       |     3 ||     3
   Stab: Sleeping          |     1 |       ||     1
         Invisible         |       |     3 ||     3
 Armour: Animal skin       |    23 |       ||    23
         Plate armour      |    31 |    93 ||   124
  Dodge: Dodged            |    38 |    26 ||    64
